 Dungeon Crawl Stone Soup version 0.29-a0-320-g9f8742066b (webtiles) character file.

Game seed: 14792131237410616474

7970 rabbitsville the Grappler (level 11, -12/86 HPs)
             Began as a Troll Transmuter on Apr 3, 2022.
             Was a Priest of Makhleb.
             Mangled by a two-headed ogre
             ... wielding a +0 giant club
              (19 damage)
             ... on level 10 of the Dungeon.
             The game lasted 00:54:29 (9273 turns).

rabbitsville the Grappler (Troll Transmuter)        Turns: 9273, Time: 00:54:30

Health: -12/86     AC: 10    Str: 22      XL:     11   Next: 3%
Magic:  11/12      EV:  9    Int: 11      God:    Makhleb [***...]
Gold:   447        SH:  5    Dex:  6 (7)  Spells: 12/13 levels left

rFire   . . .      SeeInvis .     - Unarmed
rCold   . . .      Faith    .   (no shield)
rNeg    . . .      Spirit   .   z - +0 steam dragon scales
rPois   .          Reflect  +   (helmet currently unavailable)
rElec   .          Harm     .   q - +2 cloak of the Shining Light {+Inv Dex-3 Slay+5}
rCorr   .          Rampage  .   (gloves unavailable)
Will    .....                   (boots unavailable)
Stlth   +.........              l - amulet of reflection
HPRegen 1.04/turn               (no ring)
MPRegen 0.13/turn               (no ring)

@: appendages
A: horns 2, talons 2, large, unfitting armour, claws 3, regeneration 1, shaggy
fur 1, tough skin 1, frail 1
a: End Transformation, Renounce Religion, Evoke Invisibility, Minor Destruction,
Lesser Servant of Makhleb


You were on level 10 of the Dungeon.
You worshipped Makhleb.
Makhleb was most pleased with you.
You had temporarily grown beastly horns and talons.
You visited 1 branch of the dungeon, and saw 10 of its levels.
You also visited: Ossuary.

You collected 447 gold pieces.

Inventory:

Missiles
 d - 27 poisoned darts
 u - 3 large rocks
 x - 7 boomerangs
Armour
 a - a +0 robe
 q - the +2 cloak of the Shining Light (worn) {+Inv Dex-3 Slay+5}
   (You found it on level 3 of the Dungeon)

   Dex:       It affects your dexterity (-3).
   Slay:      It affects your accuracy & damage with ranged weapons and melee
   (+5).
   +Inv:      It lets you turn invisible.
 z - +0 steam dragon scales (worn)
Jewellery
 l - an amulet of reflection (around neck)
Wands
 w - a wand of iceblast (20)
 D - a wand of flame (18)
 G - a wand of acid (8)
 H - a wand of charming (5)
Scrolls
 c - 18 scrolls of identify {unknown}
 e - 4 scrolls of immolation {unknown}
 f - a scroll of vulnerability {unknown}
 g - 3 scrolls of teleportation {unknown}
 i - 2 scrolls of amnesia {unknown}
 p - 3 scrolls of enchant armour {unknown}
 s - 2 scrolls of acquirement {unknown}
 t - 6 scrolls of blinking {unknown}
 v - 4 scrolls of fog {unknown}
 y - a scroll of summoning
 B - a scroll of enchant weapon {unknown}
 C - a scroll of noise {unknown}
 F - a scroll of magic mapping {unknown}
Potions
 b - 4 potions of lignification
 h - 2 potions of brilliance
 j - 2 potions of flight
 k - a potion of mutation
 m - 5 potions of curing
 n - 5 potions of haste
 o - a potion of heal wounds
 r - 3 potions of attraction
 A - 3 potions of magic
 E - a potion of berserk rage


   Skills:
 + Level 2.6 Fighting
 - Level 7.2 Throwing
 - Level 1.5 Dodging
 - Level 11.1 Unarmed Combat
 - Level 1.5 Spellcasting
 - Level 7.0 Transmutations
 + Level 3.1 Ice Magic
 + Level 0.6 Invocations


You had 12 spell levels left.
You knew the following spells:

 Your Spells              Type           Power      Damage    Failure   Level
a - Beastly Appendage     Tmut           32%        N/A       1%          1

Your spell library contained the following spells:

 Spells                   Type           Power      Damage    Failure   Level
 Wereblood                Tmut           16%        N/A       2%          2
 Spider Form              Tmut/Pois      8%         N/A       22%         3
 Apportation              Tloc           0%         N/A       30%         1
 Ignite Poison            Fire/Tmut/Pois 6%         N/A       34%         3
 Ice Form                 Ice/Tmut       12%        N/A       36%         4
 Static Discharge         Conj/Air       0%         N/A       43%         2
 Conjure Flame            Conj/Fire      0%         6-21      67%         3
 Gell's Gravitas          Tloc           0%         N/A       67%         3
 Teleport Other           Tloc           0%         N/A       67%         3
 Alistair's Intoxication  Tmut/Pois      5%         N/A       90%         5
 Dispel Undead            Necr           0%         3d6       97%         4
 Sticky Flame             Conj/Fire      0%         2d3       97%         4
 Dispersal                Tloc           0%         N/A       100%        6
 Malign Gateway           Summ/Tloc      0%         N/A       100%        7
 Summon Horrible Things   Summ           0%         N/A       100%        8


Dungeon Overview and Level Annotations

Branches:
Dungeon (10/15)            Temple (0/1) D:7            Lair (0/6) D:9
    Orc (0/2) D:9         Ossuary (visited)

Altars:
Dithmenos
Elyvilon
Kikubaaqudgha
Makhleb
Qazlal
Ru
Sif Muna
Vehumet
Xom
Yredelemnul
The Shining One

Shops:
D:1 *   D:5 [   D:6 [   D:8 [*


Innate Abilities, Weirdness & Mutations

You have temporarily grown beastly horns and talons.
You are too large for most types of armour.
You have claws for hands.
Your natural rate of healing is unusually fast.
You are covered in fur. (AC +1)
You have tough skin. (AC +1)
You are frail. (-10% HP)


Message History

The quasit barely misses you.
You mangle the kobold demonologist!!
Your kick misses the kobold demonologist.
Your headbutt misses the kobold demonologist.
The kobold demonologist is heavily wounded.
The kobold demonologist hits you but does no damage.
The quasit closely misses you. You block the quasit's attack.
The quasit closely misses you.
You mangle the kobold demonologist!!
You kill the kobold demonologist!
Makhleb accepts your kill.
The quasit disappears in a puff of smoke!
The sun demon disappears in a puff of smoke!
You now have 447 gold pieces (gained 20).
Things that are here:
a +0 dagger; a +1 robe of fire resistance; a kobold corpse Your transformation is almost over.
Your horns disappear.
Your talons disappear.
A two-headed ogre comes into view. It is wielding two +0 giant clubs.
The two-headed ogre shouts in stereo!
Casting: Beastly Appendage (safe; 1% risk of failure)
Press: ? - help, Q - select action, (/) - cycle Dir - look around, f - activate You grow a pair of large bovine horns.
Your feet morph into talons.
You claw the two-headed ogre! Your kick misses the two-headed ogre.
You headbutt the two-headed ogre!
The two-headed ogre is moderately wounded.
The two-headed ogre hits you with a +0 giant club! x2
You scratch the two-headed ogre. You claw the two-headed ogre.
The two-headed ogre is moderately wounded.
You completely miss the two-headed ogre.
You headbutt the two-headed ogre!
The two-headed ogre is severely wounded.
The two-headed ogre hits you with a +0 giant club!!
The two-headed ogre hits you with a +0 giant club!
You claw the two-headed ogre! Your kick misses the two-headed ogre.
The two-headed ogre is almost dead.
The two-headed ogre hits you with a +0 giant club!!
* * * LOW HITPOINT WARNING * * *
The two-headed ogre hits you with a +0 giant club!!
You die...

#######.# #.... .#
#. #.....#.# ##.##
#. #.....#.# #'## #.
#.......# #...# .
#...).########.....
###
#...........#......
##.#
##.#.....###........
####...
#.##................
+......
##.##.....##@O......
####...
##.#.#.#.##.#......
#..# ##.........#
..... #.##
######.#### ...#
#.## #.# '## #...
#.# # #### #.# #.#
#.#


You could see a two-headed ogre.

Vanquished Creatures
  A two-headed ogre (D:9)
  The ghost of siradein the Fighter, a novice MiFi of Ru (D:6)
  Psyche (D:9)
  2 kobold demonologists
  Prince Ribbit (D:6)
  A shadow (D:10)
  A wyvern (D:8)
  4 yaks (D:10)
  Eustachio (D:5)
  A steam dragon (D:6)
  Menkaure (D:6)
  3 water moccasins
  An orc warrior (D:9)
  2 ice beasts
  2 black bears (D:7)
  A sky beast (D:7)
  6 ogres
  8 centaurs
  2 phantoms
  2 kobold brigands (D:7)
  A bullfrog (D:7)
  A gnoll sergeant (D:9)
  A wyvern zombie (D:7)
  4 necrophages
  A scorpion (D:7)
  5 wights (D:3)
  10 killer bees
  2 jellies (D:6)
  4 centaur zombies (Ossuary)
  2 hounds
  6 orc priests
  A gnoll shaman (D:7)
  3 iguanas
  7 orc wizards
  A killer bee zombie (D:7)
  5 mummies (Ossuary)
  Robin (D:2)
  8 gnolls
  5 adders
  A shadow imp (D:8)
  2 white imps
  An ufetubus (D:4)
  3 worms
  7 dart slugs
  24 orcs
  5 bats
  14 endoplasms
  5 giant cockroaches
  22 goblins
  5 hobgoblins
  13 jackals
  A quokka (D:4)
  9 ball pythons
  6 frilled lizards
  5 hobgoblin zombies (Ossuary)
  19 kobolds
  4 rats
256 creatures vanquished.

Vanquished Creatures (others)
  A fungus (D:3)
1 creature vanquished.

Grand Total: 257 creatures vanquished

Notes
Turn   | Place    | Note
-------+----------+-------------------------------------------
     0 | D:1      | rabbitsville the Troll Transmuter began the quest for the
                  | Orb.
     0 | D:1      | Reached XP level 1. HP: 18/18 MP: 1/1
    62 | D:1      | Reached XP level 2. HP: 26/26 MP: 3/3
    66 | D:1      | Found Roijujy's Assorted Antiques.
   398 | D:1      | Reached XP level 3. HP: 32/32 MP: 4/4
   989 | D:2      | Reached skill level 1 in Fighting
   997 | D:2      | Reached XP level 4. HP: 17/41 MP: 5/5
  1183 | D:2      | Noticed Robin
  1195 | D:2      | Killed Robin
  1378 | D:2      | Noticed a phantom
  1389 | D:2      | Killed a phantom
  1390 | D:2      | Reached skill level 4 in Unarmed Combat
  1390 | D:2      | Reached XP level 5. HP: 48/48 MP: 4/6
  1749 | D:3      | Found an ancient bone altar of Kikubaaqudgha.
  1821 | D:3      | Found a faded altar of an unknown god.
  1861 | D:3      | Reached XP level 6. HP: 56/57 MP: 5/7
  1877 | D:3      | Reached skill level 5 in Unarmed Combat
  1964 | D:3      | Identified the +2 cloak of the Shining Light {+Inv Dex-3
                  | Slay+5}
  2716 | D:4      | Reached XP level 7. HP: 66/66 MP: 6/8
  3159 | D:4      | Found a faded altar of an unknown god.
  3159 | D:4      | Found a shimmering altar of Xom.
  3167 | D:4      | Found a faded altar of an unknown god.
  3170 | D:4      | Found a radiant altar of Vehumet.
  3172 | D:4      | Found a burning altar of Makhleb.
  3192 | D:4      | Became a worshipper of Makhleb the Destroyer
  3295 | D:5      | Entered Level 5 of the Dungeon
  3331 | D:5      | Found a white marble altar of Elyvilon.
  3700 | D:5      | Reached skill level 6 in Unarmed Combat
  3749 | D:5      | Reached skill level 1 in Throwing
  3829 | D:5      | Found Lancelot's Dragon-Slaying Spoils.
  3946 | D:5      | Noticed Eustachio
  3952 | D:5      | Killed Eustachio
  4320 | D:6      | Noticed Prince Ribbit
  4343 | D:6      | Killed Prince Ribbit
  4344 | D:6      | Reached XP level 8. HP: 73/74 MP: 9/9
  4427 | D:6      | Found a sand-covered staircase.
  4447 | D:6      | Reached skill level 5 in Transmutations
  4469 | Ossuary  | Entered an ossuary
  4476 | Ossuary  | Reached skill level 7 in Unarmed Combat
  4501 | Ossuary  | Reached * piety under Makhleb
  4629 | D:6      | Noticed Menkaure
  4635 | D:6      | Killed Menkaure
  4677 | D:6      | Found Egohon's Antique Armour Emporium.
  4691 | D:6      | Found a transporter.
  4710 | D:6      | Found a transporter.
  4883 | D:6      | Noticed siradein's ghost (novice MiFi)
  4887 | D:6      | Identified the +5 great mace of Desperation {vorpal, rPois}
  5465 | D:7      | Reached skill level 8 in Unarmed Combat
  5465 | D:7      | Reached XP level 9. HP: 41/80 MP: 10/10
  5905 | D:7      | Found a shadowy altar of Dithmenos.
  6091 | D:7      | Found a staircase to the Ecumenical Temple.
  6124 | D:7      | Reached ** piety under Makhleb
  6137 | D:7      | Reached skill level 9 in Unarmed Combat
  6513 | D:8      | Found a sacrificial altar of Ru.
  6572 | D:8      | Found Feanon's Elemental Accessories.
  6766 | D:8      | Found a shimmering blue altar of Sif Muna.
  6871 | D:8      | Found Maepnidd's Armour Shop.
  7240 | D:8      | Reached XP level 10. HP: 85/88 MP: 11/11
  7381 | D:9      | Found a glowing golden altar of the Shining One.
  7381 | D:9      | Found a staircase to the Orcish Mines.
  7382 | D:9      | Noticed a two-headed ogre
  7437 | D:9      | Found a staircase to the Lair.
  7461 | D:9      | Noticed Psyche
  7470 | D:9      | Killed Psyche
  7471 | D:9      | Reached skill level 5 in Throwing
  7471 | D:9      | Reached skill level 1 in Ice Magic
  7674 | D:9      | Noticed a two-headed ogre
  7674 | D:9      | Noticed a two-headed ogre
  7778 | D:9      | Found a basalt altar of Yredelemnul.
  7785 | D:9      | Killed a two-headed ogre
  7786 | D:9      | Reached skill level 10 in Unarmed Combat
  7794 | D:9      | Found a stormy altar of Qazlal.
  8181 | D:10     | Entered Level 10 of the Dungeon
  8215 | D:10     | Reached *** piety under Makhleb
  8219 | D:10     | HP: 3/88 [killer bee (5)]
  8707 | D:6      | Gained mutation: You are frail. (-10% HP) [potion of
                  | mutation]
  8712 | D:6      | Reached skill level 11 in Unarmed Combat
  8721 | D:6      | Killed siradein's ghost
  8723 | D:6      | Reached XP level 11. HP: 48/84 MP: 12/12
  9243 | D:10     | Noticed a sun demon
  9265 | D:10     | Noticed a two-headed ogre
  9273 | D:10     | Mangled by a two-headed ogre

Illustrated notes

Levels and vault maps discovered:
D:1:      scummos_arrival_hexagon, layout_loops_ring, serial_shops,
          nicolae_shop_trees
D:2:      layout_loops_cross, uniq_robin
D:3:      layout_basic, mainiacjoe_overflow_surrounded_room,
          shapermc_ecumenical_altar_gd
D:4:      layout_loops_cross, chequers_temple_overflow_minitemple,
          kennysheep_donut
D:5:      layout_gridville, elyvilon_altar_5, nicolae_shop_dragon_depot,
          uniq_eustachio
D:6:      layout_cave_pods, gammafunk_ghost_smash, nicolae_ossuary_entry_ruins,
          serial_shops, nicolae_shop_trees, uniq_menkaure, uniq_prince_ribbit1
D:7:      black_bear_nest_1, layout_loops_cross, kennysheep_little_box,
          minmay_temple_entry_butterflies, serial_undead, serial_undead_e,
          serial_undead_b, serial_undead_c, serial_undead_e, minivault_25,
          minmay_fountain_box, centaur_isle
D:8:      layout_basic, led_sif_book, lemuel_crystal_altar, serial_shops,
          shop_fountains, nicolae_elemental_shop, skrybe_limestone_x
D:9:      layout_rooms, mainiacjoe_overflow_catwalk_spiral,
          overflow_temple_1_default, lair_entry_dummy,
          ebering_dispersal_statue_hall, uniq_psyche
D:10:     layout_loops_corners, hangedman_minor_magic

Skill      XL: |  1  2  3  4  5  6  7  8  9 10 |
---------------+-------------------------------+-----
Transmutations | 2 3 4 5 7 |  7.0
Fighting       | 1 2 |  2.6
Unarmed Combat | 4 5 6 8 9 11 | 11.1
Throwing       | 1 3 4 7 |  7.2
Ice Magic      | 3 |  3.1
Dodging        | |  1.5
Spellcasting   | |  1.5
Invocations    | |  0.6

Action                   |  1- 3 |  4- 6 |  7- 9 | 10-12 || total
-------------------------+-------+-------+-------+-------++-------
Melee: Unarmed           |    98 |   162 |   273 |   122 ||   655
       Kick              |       |     5 |    20 |    22 ||    47
       Headbutt          |       |     3 |    13 |    19 ||    35
       Punch             |       |       |    11 |     7 ||    18
Throw: Large rock        |       |     1 |     5 |       ||     6
       Dart              |       |       |     6 |     2 ||     8
       Boomerang         |       |       |     2 |       ||     2
 Cast: Beastly Appendage |       |     4 |    20 |    11 ||    35
  Use: Potion            |       |     4 |       |    11 ||    15
 Stab: Invisible         |       |     2 |       |       ||     2
Armor: Robe              |    31 |    42 |    21 |       ||    94
       Skin              |       |    15 |       |       ||    15
       Steam dragon scal |       |       |    86 |    58 ||   144
Dodge: Dodged            |    47 |    62 |   118 |    39 ||   266
Block: Other             |       |    21 |    53 |    24 ||    98
       Reflection        |       |     1 |     7 |     1 ||     9

Table legend: (Time is in decaauts)
 A = Elapsed time spent in this place.
 B = Non-inter-level travel time spent in this place.
 C = Inter-level travel time spent in this place.
 D = Time resting spent in this place.
 E = Time spent auto-exploring this place.
 F = Levels seen in this place.
 G = Mean time per level.
                   A        B        C        D        E       F      G
               +--------+--------+--------+--------+--------+-----+--------+
         Total |   9202 |   8306 |    896 |    278 |   3479 |  11 |  836.5 |
       Dungeon |   9096 |   8200 |    896 |    278 |   3479 |  10 |  909.6 |
       Ossuary |    106 |    106 |      0 |      0 |      0 |   1 |  106.0 |
               +--------+--------+--------+--------+--------+-----+--------+

Top non-repeatable levels by time:
     D:6: 1307 daAuts
     D:8: 1184 daAuts
     D:7: 1104 daAuts
     D:5: 958 daAuts
     D:2: 884 daAuts
     D:3: 853 daAuts
     D:4: 846 daAuts
     D:1: 811 daAuts
     D:9: 737 daAuts
    D:10: 408 daAuts
 Ossuary: 106 daAuts
